 Dungeon Crawl Stone Soup version 0.23-a0-295-g2e428d4 (webtiles) character file.

305 Mgcat the Stinger (level 6, -4/32 HPs)
             Began as a Gargoyle Venom Mage on Oct 4, 2018.
             Was an Initiate of Vehumet.
             Slain by a hornet zombie (8 damage)
             ... on level 5 of the Dungeon.
             The game lasted 00:11:15 (3805 turns).

Mgcat the Stinger (Gargoyle Venom Mage)             Turns: 3805, Time: 00:11:16

Health: -4/32      AC:  6    Str:  9 (12) XL:     6   Next: 39%
Magic:  11/11      EV: 17    Int: 16 (17) God:    Vehumet [......]
Gold:   214        SH:  0    Dex: 14 (15) Spells: 2/12 levels left

rFire    + . .     SeeInvis .   d - +0 short sword
rCold    + . .     Gourm    .   (no shield)
rNeg     + . .     Faith    .   a - +0 robe
rPois    ∞         Spirit   .   (no helmet)
rElec    +         Reflect  .   (no cloak)
rCorr    +         Harm     .   (no gloves)
MR       .....                  (no boots)
Stlth    +++.......             (no amulet)
HPRegen  0.10/turn              p - ring of resist corrosion
MPRegen  0.12/turn              (no ring)

@: agile, resistant
A: negative energy resistance 1, electricity resistance, unbreathing,
petrification resistance, rot immunity, AC +4
a: Renounce Religion


You were on level 5 of the Dungeon.
You worshipped Vehumet.
Vehumet was noncommittal.
You were not hungry.

You visited 1 branch of the dungeon, and saw 5 of its levels.

You collected 214 gold pieces.

Inventory:

Hand Weapons
 d - a +0 short sword (weapon)
   (You took it off a kobold on level 1 of the Dungeon)
Armour
 a - a +0 robe (worn)
Jewellery
 p - a ring of resist corrosion (left hand)
   (You found it on level 6 of the Dungeon)
Scrolls
 b - a scroll of magic mapping {unknown}
 e - 4 scrolls of teleportation
 i - 3 scrolls of remove curse
 l - a scroll of fear
Comestibles
 c - 4 rations


   Skills:
 - Level 1.5 Dodging
 - Level 2.1 Stealth
 + Level 3.5 Spellcasting
 + Level 3.6 Conjurations
 + Level 1.8 Air Magic
 + Level 4.4 Poison Magic


You had 2 spell levels left.
You knew the following spells:

 Your Spells              Type           Power        Failure   Level  Hunger
a - Sting                 Conj/Pois      ###.         3%          1    None
b - Poisonous Vapours     Pois/Air       ##....       8%          2    ##.....
c - Mephitic Cloud        Conj/Pois/Air  ##......     14%         3    ###....
d - Olgreb's Toxic Radia  Pois           ###.....     28%         4    ####...

Your spell library contained the following spells:

 Spells                   Type           Power        Failure   Level  Hunger
 Venom Bolt               Conj/Pois      ###.......   67%         5    ######.


Dungeon Overview and Level Annotations

Branches:
Dungeon (6/15)
 Temple: D:4-7

Altars:
Cheibriados
Dithmenos
Fedhas
Makhleb
Qazlal
Vehumet
Xom
Zin

Annotations:
D:5 exclusions: orc, orc warrior and 2 more exclusions
D:6 exclusion: centaur


Innate Abilities, Weirdness & Mutations

You are resistant to torment.
Your stone body is resilient. (AC +4)
You are immune to poison.
You resist negative energy. (rN+)
You are resistant to electric shocks. (rElec)
You can survive without breathing.
You are immune to petrification.
You are immune to rotting.


Message History

Unknown command.
A bullfrog zombie comes into view.
Unknown command.
Casting: Sting (safe; 3% risk of failure)
Confirm with . or Enter, or press ? or * to list all spells.
You can't see any susceptible monsters within range! (Use Z to cast anyway.)
You hit the bullfrog zombie but do no damage.
You are near starving!
The bullfrog zombie hits you but does no damage.
You hit the bullfrog zombie.
The bullfrog zombie is lightly damaged.
The bullfrog zombie hits you but does no damage.
You hit the bullfrog zombie.
The bullfrog zombie is moderately damaged.
The bullfrog zombie hits you. The bullfrog zombie barely misses you.
You hit the bullfrog zombie.
The bullfrog zombie is moderately damaged.
The bullfrog zombie hits you but does no damage.
You hit the bullfrog zombie.
The bullfrog zombie is moderately damaged.
The bullfrog zombie hits you. The bullfrog zombie barely misses you.
You hit the bullfrog zombie.
The bullfrog zombie is heavily damaged.
The bullfrog zombie barely misses you.
You barely miss the bullfrog zombie.
The bullfrog zombie is heavily damaged.
The bullfrog zombie hits you.
The bullfrog zombie hits you but does no damage.
You hit the bullfrog zombie.
The bullfrog zombie is severely damaged.
The bullfrog zombie hits you.
You barely miss the bullfrog zombie.
The bullfrog zombie is severely damaged.
The bullfrog zombie barely misses you.
You hit the bullfrog zombie.
The bullfrog zombie is almost destroyed.
The bullfrog zombie hits you but does no damage.
The bullfrog zombie hits you.
You hit the bullfrog zombie.
The bullfrog zombie is almost destroyed.
The bullfrog zombie hits you but does no damage.
You hit the bullfrog zombie.
You destroy the bullfrog zombie!
Vehumet accepts your kill.
A hornet zombie comes into view.
Unknown command.
A hornet zombie is nearby!
Unknown command.
Unknown command.
Unknown command.
Casting: Sting (safe; 3% risk of failure)
Confirm with . or Enter, or press ? or * to list all spells.
You can't see any susceptible monsters within range! (Use Z to cast anyway.)
Okay, then.
Casting: Sting (safe; 3% risk of failure)
Confirm with . or Enter, or press ? or * to list all spells.
You can't see any susceptible monsters within range! (Use Z to cast anyway.)
Casting: Sting (safe; 3% risk of failure)
Confirm with . or Enter, or press ? or * to list all spells.
Aiming: Poisonous Vapours (safe; 7% risk of failure)
Press: ? - help, Dir - move target cursor, f - hornet zombie
Aim: a hornet zombie But poisonous vapours would do no harm to the hornet zombie!
Casting: Poisonous Vapours (safe; 7% risk of failure)
Confirm with . or Enter, or press ? or * to list all spells.
You can't see any susceptible monsters within range! (Use Z to cast anyway.)
Casting: Poisonous Vapours (safe; 7% risk of failure)
Confirm with . or Enter, or press ? or * to list all spells.
You begin to radiate toxic energy.
You are starving!
Unknown command.
Unknown command.
Unknown command.
Unknown command.
You eat one of the 5 rations.
That ration really hit the spot!
The hornet zombie hits you.
You hit the hornet zombie but do no damage.
Your toxic aura wanes.
The hornet zombie hits you. The hornet zombie hits you!
You hit the hornet zombie.
The hornet zombie is lightly damaged.
The hornet zombie hits you.
* * * LOW HITPOINT WARNING * * *
It was a potion of agility.
You feel agile all of a sudden. The hornet zombie misses you. x2
It was a potion of resistance.
You feel protected. The hornet zombie barely misses you.
It was a potion of magic.
Magic courses through your body. The hornet zombie closely misses you.
It was a potion of degeneration.
There was something very wrong with that liquid.
You feel weakened.
You feel dopey.
You feel clumsy. The hornet zombie hits you.
* * * LOW HITPOINT WARNING * * *
You barely miss the hornet zombie.
The hornet zombie is lightly damaged.
The hornet zombie hits you!
You die...

..... #.#.#.#
.......###
.#.#.#.#..#
.........##
.#.#)#.#.# ###.#
#Z#
################@##
..................#
###################


You could see a hornet zombie.

Vanquished Creatures
  An ogre (D:5)
  2 bullfrog zombies (D:5)
  A bullfrog skeleton (D:5)
  5 adders
  A shadow imp (D:5)
  An adder skeleton (D:5)
  A worm (D:2)
  3 leopard geckos
  4 orcs (D:3)
  4 goblins
  11 hobgoblins
  12 jackals
  2 quokkas
  3 bats
  3 frilled lizards
  2 kobolds
  A quokka zombie (D:5)
  9 rats
66 creatures vanquished.

Notes
Turn   | Place    | Note
-------+----------+-------------------------------------------
     0 | D:1      | Mgcat the Gargoyle Venom Mage began the quest for the Orb.
     0 | D:1      | Reached XP level 1. HP: 10/10 MP: 3/3
   137 | D:1      | Reached XP level 2. HP: 15/15 MP: 0/5
   429 | D:1      | Reached skill level 2 in Conjurations
   510 | D:1      | Reached XP level 3. HP: 19/19 MP: 3/6
   678 | D:1      | Learned a level 2 spell: Poisonous Vapours
   682 | D:1      | Learned a level 3 spell: Mephitic Cloud
   762 | D:2      | Found a blossoming altar of Fedhas.
   959 | D:2      | Found a burning altar of Makhleb.
   963 | D:2      | Found a shimmering altar of Xom.
  1196 | D:2      | Found a shadowy altar of Dithmenos.
  1205 | D:2      | Found a stormy altar of Qazlal.
  1208 | D:2      | Noticed Jessica
  1348 | D:2      | Found a radiant altar of Vehumet.
  1349 | D:2      | Reached XP level 4. HP: 24/24 MP: 6/8
  1843 | D:2      | Became a worshipper of Vehumet
  2514 | D:3      | Found a glowing silver altar of Zin.
  2580 | D:3      | Reached skill level 3 in Spellcasting
  2584 | D:3      | Reached XP level 5. HP: 28/28 MP: 3/9
  2666 | D:3      | Reached skill level 1 in Air Magic
  2672 | D:3      | Learned a level 4 spell: Olgreb's Toxic Radiance
  2698 | D:3      | You fall through a shaft for 3 floors!
  2706 | D:6      | Noticed a centaur
  2897 | D:5      | Entered Level 5 of the Dungeon
  2927 | D:5      | Reached skill level 3 in Conjurations
  2927 | D:5      | Reached skill level 4 in Poison Magic
  3122 | D:5      | Noticed an orc warrior
  3141 | D:5      | Noticed an ogre
  3146 | D:5      | HP: 2/28 [ogre/giant spiked club (26)]
  3148 | D:5      | Killed an ogre
  3148 | D:5      | Reached XP level 6. HP: 16/32 MP: 0/11
  3357 | D:5      | Found a snail-covered altar of Cheibriados.
  3514 | D:5      | HP: 6/32 [bullfrog skeleton (5)]
  3800 | D:5      | HP: 8/32 [hornet zombie (2)]
  3805 | D:5      | Slain by a hornet zombie

Vault maps used:
D:1:      ncdulo_halloftheorcs
D:2:      grunt_temple_overflow_forces_of_nature, minitemple,
          lemuel_crystal_altar, serial_forest, infiniplex_forest_lined_3,
          infiniplex_forest_lined_3, infiniplex_forest_straight_5,
          infiniplex_forest_corner_1, first_ration, lemuel_tele_altar,
          uniq_jessica
D:3:      lemuel_coloured_pillars_altar, zin_statuary, hex_large,
          minmay_distorted
D:5:      lemuel_crystal_altar, st_stairs_11
D:6:      nicolae_overflow_hidden_temple, marbit_many_paths,
          fiery_altar_vehumet, minmay_temple_entry_glass,
          serial_co_window_serial, co_window_paths_a,
          co_window_of_opportunity_a, co_window_of_opportunity_a,
          co_window_corner_a, co_window_paths_a, co_window_of_opportunity_c,
          co_window_broadway_a, co_window_broadway_a, co_window_paths_c,
          co_window_corner_b, co_window_2corner, co_window_2corner,
          glass_columns_c, glass_columns_b, kennysheep_okawaru_gauntlet,
          uniq_blork_the_orc, uniq_duvessa, uniq_edmund

Skill      XL: |  1  2  3  4  5 |
---------------+----------------+-----
Conjurations   | 2 3 |  3.6
Spellcasting   | 3 |  3.5
Air Magic      | 1 |  1.8
Poison Magic   | 4 |  4.4
Dodging        | |  1.5
Stealth        | |  2.1

Action                   |  1- 3 |  4- 6 || total
-------------------------+-------+-------++-------
Melee: Short sword       |    52 |   159 ||   211
Throw: Throwing net      |       |     3 ||     3
 Cast: Sting             |    62 |    50 ||   112
       Poisonous Vapours |     4 |    25 ||    29
       Olgreb's Toxic Ra |       |     1 ||     1
  Use: Scroll            |       |     6 ||     6
       Potion            |       |     6 ||     6
 Stab: Held in net/web   |       |     1 ||     1
  Eat: Chunk             |     2 |     8 ||    10
       Ration            |       |     1 ||     1
Armor: Robe              |    20 |    66 ||    86
Dodge: Dodged            |    45 |    96 ||   141

Table legend:
 A = Non-vault XP
 B = Vault XP
 C = Vault XP percentage of total XP
 D = Non-vault monster count
 E = Vault monster count
 F = Vault count percentage of total count
                 A         B        C        D         E       F
            +---------+---------+-------+---------+---------+-------
      Total |     386 |      51 |  11.7 |      61 |       5 |   7.6
            +---------+---------+-------+---------+---------+-------
        D:1 |      36 |       0 |   0.0 |      21 |       0 |   0.0
        D:2 |      66 |       0 |   0.0 |      17 |       0 |   0.0
        D:3 |      57 |       8 |  12.3 |      16 |       4 |  20.0
        D:5 |     227 |      43 |  15.9 |       7 |       1 |  12.5
            +---------+---------+-------+---------+---------+-------

Vault maps used:
D:1:      ncdulo_halloftheorcs
D:2:      grunt_temple_overflow_forces_of_nature, minitemple,
          lemuel_crystal_altar, serial_forest, infiniplex_forest_lined_3,
          infiniplex_forest_lined_3, infiniplex_forest_straight_5,
          infiniplex_forest_corner_1, first_ration, lemuel_tele_altar,
          uniq_jessica
D:3:      lemuel_coloured_pillars_altar, zin_statuary, hex_large,
          minmay_distorted
D:5:      lemuel_crystal_altar, st_stairs_11
D:6:      nicolae_overflow_hidden_temple, marbit_many_paths,
          fiery_altar_vehumet, minmay_temple_entry_glass,
          serial_co_window_serial, co_window_paths_a,
          co_window_of_opportunity_a, co_window_of_opportunity_a,
          co_window_corner_a, co_window_paths_a, co_window_of_opportunity_c,
          co_window_broadway_a, co_window_broadway_a, co_window_paths_c,
          co_window_corner_b, co_window_2corner, co_window_2corner,
          glass_columns_c, glass_columns_b, kennysheep_okawaru_gauntlet,
          uniq_blork_the_orc, uniq_duvessa, uniq_edmund

Table legend:
 A = Turns spent in this place as a percentage of turns spent in the entire game.
 B = Non-inter-level travel turns spent in this place as a percentage of non-inter-level travel turns spent in the entire game.
 C = Inter-level travel turns spent in this place as a percentage of turns spent in this place.
 D = Turns resting spent in this place as a percentage of non-inter-level travel turns spent in this place.
 E = Turns spent auto-exploring this place as a percentage of non-inter-level travel turns spent in this place.
 F = Non-inter-level travel turns spent in this place divided by the number of levels of this place that you've seen.
                   A       B       C       D       E      F
               +-------+-------+-------+-------+-------+----------------------
         Total | 100.0 | 100.0 |   3.2 |   4.3 |  75.3 | 736.6
       Dungeon | 100.0 | 100.0 |   3.2 |   4.3 |  75.3 | 736.6
               +-------+-------+-------+-------+-------+----------------------

Table legend:
 A = Kills in this place as a percentage of kills in entire the game.
 B = Kills by you in this place as a percentage of kills by you in the entire game.
 C = Kills by friends in this place as a percentage of kills by friends in the entire game.
 D = Other kills in this place as a percentage of other kills in the entire game.
 E = Experience gained in this place as a percentage of experience gained in the entire game.
 F = Experience gained in this place divided by the number of levels of this place that you have seen.
                   A       B       C       D       E      F
               +-------+-------+-------+-------+-------+----------------------
         Total | 100.0 | 100.0 |   N/A |   N/A | 100.0 |  87.4
       Dungeon | 100.0 | 100.0 |   N/A |   N/A | 100.0 |  87.4
               +-------+-------+-------+-------+-------+----------------------
